Map: Ephemeron LE

Players

Elazer - Winner!

  • Race: Zerg Zerg
  • Spawn Location: 11:00

Asuna

  • Race: Protoss Protoss
  • Spawn Location: 5:00

VOD

Have the link to the VOD?

Description

Time

  • Played on: Sept. 6, 2019, 12:20 p.m.
  • Length: 5:01
Show
View Real Time Build Order
Export as new Build Order

Elazer Zerg - Winner!

Build Orders: Hatch First, Ravager All-In 

Get SALT Encoding   

  12  0:00  Drone  
  13  0:12  Overlord  
  13  0:16  Drone  
  14  0:30  Drone x2  
  16  0:47  Hatchery  
  15  0:51  Drone  
  15  0:54  Drone  
  17  0:57  Drone  
  18  1:08  Extractor  
  17  1:13  Spawning Pool  
  17  1:16  Drone  
  17  1:20  Drone  
  18  1:28  Drone  
  19  1:44  Drone  
  20  1:50  Drone  
  21  2:01  Roach Warren, Extractor, Queen  
  21  2:08  Hatchery  
  21  2:11  Drone  
  21  2:13  Overlord  
  22  2:24  Overlord  
  22  2:36  Queen  
  22  2:42  Roach  
  22  2:43  Roach  
  28  2:54  Roach  
  30  3:04  Ravager x2, Roach  
  34  3:08  Overlord  
  34  3:10  Roach  
  36  3:14  Ravager  
  37  3:23  Queen  
  39  3:29  Ravager  
  39  3:30  Roach  
  42  3:47  Roach  
  42  3:48  Zergling x2  
  45  3:49  Zergling x4  
  45  3:55  Ravager x2  
  49  4:02  Queen  
  51  4:09  Overlord  
  51  4:27  Ravager  
  52  4:34  Roach x4  
Show
View Real Time Build Order
Export as new Build Order

Asuna Protoss 

Build Orders:  

Get SALT Encoding   

  12  0:00  Probe  
  13  0:13  Probe  
  14  0:19  Pylon  
  14  0:25  Probe  
  15  0:35  Probe  
  15  0:38  Gateway  
  16  0:43  Probe  
  16  0:48  Assimilator  
  17  0:52  Probe  
  18  1:04  Probe  
  19  1:12  Forge  
  19  1:16  Probe  
  20  1:26  Cybernetics Core  
  20  1:30  Pylon  
  20  1:37  Pylon  
  20  1:38  Pylon  
  20  1:49  Photon Cannon  
  20  1:52  Gateway  
  20  1:57  Photon Cannon  
  20  2:00  Probe  
  21  2:07  Robotics Facility  
  21  2:13  Photon Cannon  
  21  2:24  Pylon  
  21  2:29  Shield Battery  
  21  2:33  Shield Battery  
  21  2:40  Shield Battery  
  21  2:43  Shield Battery  
  21  2:47  Immortal  
  21  2:48  Pylon  
  25  3:10  Shield Battery  
  25  3:15  Shield Battery  
  25  3:16  Warp Prism  
  26  3:38  Shield Battery  
  26  3:44  Shield Battery  
  26  3:55  Immortal  
  30  4:09  Shield Battery  
  30  4:19  Shield Battery  
  34  4:43  Pylon  
Tags
 
Add a new tag
Caveats
  • Supply blocks, unpowered buildings, or Contaminate may cause inaccurate times.
  • Supply counts are checked every 10 seconds.